 Dungeon Crawl Stone Soup version 0.28-a0-1395-g4f6bc678fa (webtiles) character file.

Game seed: 17570042743038438766

58 Deminshera the Poker (level 4, 0/37 HPs)
             Began as a Merfolk Monk on Jan 4, 2022.
             Succumbed to Crazy Yiuf's poison
             ... on level 1 of the Dungeon.
             The game lasted 00:01:49 (2792 turns).

Deminshera the Poker (Merfolk Monk)                 Turns: 2792, Time: 00:01:49

Health: 0/37       AC:  3    Str: 13    XL:     4   Next: 2%
Magic:  4/4        EV: 13    Int: 15    God:
Gold:   66         SH:  0    Dex: 16    Spells: 3/3 levels left

rFire   . . .      SeeInvis .   a - +0 spear
rCold   . . .      Faith    .   (no shield)
rNeg    . . .      Spirit   .   g - +0 leather armour
rPois   .          Reflect  .   (no helmet)
rElec   .          Harm     .   (no cloak)
rCorr   .          Rampage  .   (no gloves)
Will    .....                   (no boots)
Stlth   ++........              (no amulet)
HPRegen 0.12/turn               c - +6 ring of intelligence
MPRegen 0.09/turn               (no ring)

@: lethally poisoned (0 -> -1), hasted, very quick
A: (nimble swimmer 2), mertail
a: no special abilities


You were on level 1 of the Dungeon.
You visited 1 branch of the dungeon, and saw 2 of its levels.

You collected 66 gold pieces.

Inventory:

Hand Weapons
 a - a +0 spear (weapon)
Armour
 g - a +0 leather armour (worn)
Jewellery
 c - a +6 ring of intelligence (left hand)
Scrolls
 d - a scroll of identify {unknown}


   Skills:
 + Level 3.9 Fighting
 + Level 5.1 Polearms
 + Level 4.7 Dodging
 - Level 3.0 Stealth


You had 3 spell levels left.
You didn't know any spells.
Your spell library was empty.

Dungeon Overview and Level Annotations

Branches:
Dungeon (2/15)

Altars:

Annotations:
D:1 Crazy Yiuf


Innate Abilities, Weirdness & Mutations

((You are very nimble when in or above water. (Stealth+, EV+, Speed+++)))
Your lower body shifts to a powerful aquatic tail in water.


Message History

You hit Crazy Yiuf but do no damage.
Crazy Yiuf is lightly wounded.
You feel very sick.
You feel very sick.
* * * LOW HITPOINT WARNING * * *
You feel very sick.
Crazy Yiuf flaps his cloak.
* * * LOW HITPOINT WARNING * * *
You feel very sick.
* * * LOW HITPOINT WARNING * * *
You feel sick.
It was a potion of heal wounds.
You feel much better.
You feel sick. Crazy Yiuf barely misses you.
You feel sick.
You feel sick.
Crazy Yiuf says, "Lugonu rumpyflump disdain!"
You feel sick.
You feel sick.
You feel sick.
You feel sick.
You are no longer poisoned.
Crazy Yiuf waves his quarterstaff at you.
There is a stone staircase leading up here.
Crazy Yiuf hits you with a +4 quarterstaff of chaos!
* * * LOW HITPOINT WARNING * * *
You are lethally poisoned!
You climb upwards.
* * * LOW HITPOINT WARNING * * *
You feel very sick.
There is a stone staircase leading down here.
* * * LOW HITPOINT WARNING * * *
You feel sick.
It was a potion of haste.
You feel yourself speed up.
* * * LOW HITPOINT WARNING * * *
You feel sick. Crazy Yiuf misses you.
* * * LOW HITPOINT WARNING * * *
You feel sick.
* * * LOW HITPOINT WARNING * * *
You feel sick.
You die...

#.###.#####.#†######## ##### #.#
#.###.#.#.........
####...#####.###.....#.#..######.
...'...'........>###.#.#..#....#.
####...#####.###.# #.#.#..#.##.#.
##########.#.###g# #.#.#..#.##.#.
..............##.# #.#.#..#.##...
........##.#..##.# #.#.#..#.####.
#######.##.#...#@###.#.#.........
..# #.#....#.#..........#.####.
..# #.#...##.#.....#.#......##.
#.# #.'...'........#.#....#.##.
#.#######...###......#.#....#.##.
..#.....#...# #......#.#.##...##.
#.#.###.#...# #......#.#.........
#.#.#.#.#...# ##.#####.#########.
#.#...#.#...# #..# #...........


You could see Crazy Yiuf.

Vanquished Creatures
  2 adders (D:2)
  A dart slug (D:2)
  A worm (D:2)
  3 bats
  5 endoplasms
  A giant cockroach (D:1)
  3 goblins
  3 hobgoblins
  3 jackals (D:1)
  A quokka (D:1)
  2 ball pythons (D:1)
  3 frilled lizards (D:2)
  3 kobolds
  4 rats
35 creatures vanquished.

Notes
Turn   | Place    | Note
-------+----------+-------------------------------------------
     0 | D:1      | Deminshera the Merfolk Monk began the quest for the Orb.
     0 | D:1      | Reached XP level 1. HP: 18/18 MP: 1/1
   242 | D:1      | Reached XP level 2. HP: 24/24 MP: 2/2
   670 | D:1      | You fall into a shaft and drop 1 floor!
   877 | D:2      | Reached XP level 3. HP: 22/29 MP: 3/3
  1394 | D:2      | Reached skill level 5 in Polearms
  2021 | D:2      | Reached XP level 4. HP: 7/37 MP: 4/4
  2553 | D:2      | Found a runed translucent door.
  2554 | D:2      | Noticed Crazy Yiuf
  2733 | D:2      | Found a faded altar of an unknown god.
  2791 | D:1      | HP: 1/37 [poisoned by Crazy Yiuf]
  2792 | D:1      | Succumbed to Crazy Yiuf's poison

Illustrated notes

Levels and vault maps discovered:
D:1:      matt_arrival_spirals, layout_basic
D:2:      layout_basic, basic_ecumenical_altar, chequers_serial_rivers_small_b,
          uniq_crazy_yiuf_cottage

Skill      XL: |  1  2  3 |
---------------+----------+-----
Polearms       | 5 |  5.1
Stealth        | 3 |  3.0
Fighting       | |  3.9
Dodging        | |  4.7

Action                   |  1- 3 |  4- 6 || total
-------------------------+-------+-------++-------
Melee: Spear             |   141 |     6 ||   147
  Use: Potion            |     2 |     2 ||     4
 Stab: Sleeping          |     5 |     1 ||     6
Armor: Robe              |     5 |       ||     5
       Skin              |     8 |       ||     8
       Leather armour    |     5 |       ||     5
Dodge: Dodged            |    71 |     3 ||    74

Table legend: (Time is in decaauts)
 A = Elapsed time spent in this place.
 B = Non-inter-level travel time spent in this place.
 C = Inter-level travel time spent in this place.
 D = Time resting spent in this place.
 E = Time spent auto-exploring this place.
 F = Levels seen in this place.
 G = Mean time per level.
                   A        B        C        D        E       F      G
               +--------+--------+--------+--------+--------+-----+--------+
         Total |   2769 |   2728 |     41 |    995 |   1457 |   2 | 1384.5 |
       Dungeon |   2769 |   2728 |     41 |    995 |   1457 |   2 | 1384.5 |
               +--------+--------+--------+--------+--------+-----+--------+

Top non-repeatable levels by time:
     D:2: 1746 daAuts
     D:1: 1023 daAuts
